 Dungeon Crawl Stone Soup version 0.28.0 (webtiles) character file.

Game seed: 927850083759713011

5618 lonewolfV2 the Cudgeller (level 10, -3/97 HPs)
             Began as a Troll Fighter on Feb 9, 2022.
             Was a Follower of Yredelemnul.
             Shot with an arrow by a centaur (9 damage)
             ... on level 9 of the Dungeon on Feb 10, 2022.
             The game lasted 00:20:02 (8084 turns).

lonewolfV2 the Cudgeller (Troll Fighter)            Turns: 8084, Time: 00:20:02

Health: -3/97      AC:  8    Str: 26    XL:     10   Next: 45%
Magic:  0/9        EV: 15    Int:  4    God:    Yredelemnul [*.....]
Gold:   436        SH: 12    Dex: 13    Spells: 9/9 levels left

rFire   . . .      SeeInvis .   l - +3 flail (drain)
rCold   . . .      Faith    .   b - +3 kite shield
rNeg    . . .      Spirit   +   a - +0 robe
rPois   .          Reflect  .   (helmet restricted)
rElec   .          Harm     .   (no cloak)
rCorr   .          Rampage  .   (gloves unavailable)
Will    .....                   (boots unavailable)
Stlth   ++........              o - amulet of guardian spirit
HPRegen 1.06/turn               j - +4 ring of protection
MPRegen 0.11/turn               n - +4 ring of evasion

@: no status effects
A: large, unfitting armour, claws 3, regeneration 1, shaggy fur 1, tough skin 1
a: Renounce Religion, Recall Undead Harvest


You were on level 9 of the Dungeon.
You worshipped Yredelemnul.
Yredelemnul was noncommittal.
You visited 2 branches of the dungeon, and saw 10 of its levels.

You collected 436 gold pieces.

Inventory:

Hand Weapons
 l - a +3 flail of draining (weapon)
Missiles
 k - a throwing net (quivered)
Armour
 a - a +0 robe (worn)
 b - a +3 kite shield (worn)
Jewellery
 j - a +4 ring of protection (left claw)
 n - a +4 ring of evasion (right claw)
 o - an amulet of guardian spirit (around neck)
 t - a ring of willpower
Wands
 c - a wand of iceblast (9)
 m - a wand of polymorph (6)
 v - a wand of charming (3)
Scrolls
 g - a scroll of amnesia
 h - a scroll of holy word
 u - a scroll of teleportation
Potions
 e - a potion of brilliance
 f - a potion of haste
 i - 4 potions of magic
 p - 2 potions of degeneration


   Skills:
 + Level 5.6 Fighting
 + Level 7.5 Maces & Flails
 + Level 6.5 Dodging
 + Level 2.1 Stealth
 + Level 6.9 Shields
 + Level 4.1 Unarmed Combat
 + Level 0.8 Invocations


You had 9 spell levels left.
You didn't know any spells.
Your spell library was empty.

Dungeon Overview and Level Annotations

Branches:
Dungeon (9/15)             Temple (1/1) D:5
   Lair: D:8-11         Orc: D:9-12

Altars:
Ashenzari
Cheibriados
Dithmenos
Elyvilon
Fedhas
Gozag
Hepliaklqana
Kikubaaqudgha
Makhleb
Nemelex Xobeh
Okawaru
Qazlal
Ru
Sif Muna
Trog
Uskayaw
Vehumet
Wu Jian
Xom
Yredelemnul
Zin
The Shining One

Shops:
D:2 *   D:6 [(   D:8 (*?***

Annotations:
D:9 Pikel


Innate Abilities, Weirdness & Mutations

You are too large for most types of armour.
You have claws for hands.
Your natural rate of healing is unusually fast.
You are covered in fur. (AC +1)
You have tough skin. (AC +1)


Message History

You feel magically purged.
You feel less invigorated.
You feel yourself slow down.
You feel less confused. You block the centaur's attack. The centaur misses you.
The orc warrior hits you with a +2 flail of holy wrath!
* * * LOW HITPOINT WARNING * * *
The yak zombie gores you but does no damage.
Pikel barely misses you.
Your yak zombie completely misses the yak zombie.
You closely miss Pikel.
Pikel is moderately wounded.
The centaur hits you but does no damage.
You block the centaur's attack.
The orc warrior hits you with a +2 flail of holy wrath.
* * * LOW HITPOINT WARNING * * *
The centaur closely misses you. The centaur kicks you.
* * * LOW HITPOINT WARNING * * *
Pikel closely misses you. The yak zombie closely misses you.
Your yak zombie gores the yak zombie!
You hit the yak zombie.
The yak zombie is severely damaged.
You block the centaur's attack. x2; The orc warrior barely misses you.
You block Pikel's attack.
Your yak zombie gores the yak zombie!
The yak zombie gores you but does no damage.
The centaur hits you.
* * * LOW HITPOINT WARNING * * *
The centaur kicks you but does no damage.
You sock the yak zombie!
You destroy the yak zombie!
That felt strangely unrewarding.
You block the centaur's attack. x2
You block the orc warrior's attack. Pikel barely misses you.
Your yak zombie barely misses the centaur.
The orc priest calls down the wrath of Beogh upon you.
Beogh smites you!
* * * LOW HITPOINT WARNING * * *
You block the centaur's attack. The centaur misses you.
The orc priest looks encouraged for a moment.
The centaur wields a +0 shortbow.
The centaur shoots an arrow.
The arrow hits you!
You die...
Your body rises from the dead as a mindless zombie.

#................
#................
##########................
..........................
########..................
.......#......##########..
.......#......# #..
#....5o#Z.....# #..
#....5Kc.@....# #..
#....oo###....# #..
#.....o #....# #.. #.....5
#....# #.. ####### #....#
#.. ....# #.. ....# ####..
..... ....... #######


You could see Pikel (drained), an orc warrior, 2 lemures, a centaur (ally
target), 2 orc priests and a friendly yak zombie.

Vanquished Creatures
  Maggie (D:7)
  Grinder (D:6)
  6 yaks
  Eustachio (D:5)
  Duvessa (D:5)
  4 orc warriors
  3 ice beasts
  A black bear (D:3)
  2 centaurs
  3 necrophages
  3 ogres
  A kobold brigand (D:4)
  Blork the orc (D:5)
  3 bullfrogs (D:7)
  A scorpion (D:3)
  A wyvern skeleton (D:7)
  A yak zombie (D:9)
  Dowan (D:5)
  4 wights
  A howler monkey (D:5)
  3 hounds
  A centaur zombie (D:8)
  A jelly (D:6)
  5 orc priests
  A bullfrog skeleton (D:5)
  2 gnoll shamans
  3 iguanas
  7 orc wizards
  Ijyb (D:4)
  2 hound skeletons (D:4)
  2 howler monkey zombies
  3 adders
  12 gnolls
  A howler monkey skeleton (D:6)
  A worm (D:3)
  2 dart slugs
  35 orcs
  11 bats
  5 endoplasms
  A giant cockroach (D:1)
  4 goblins
  5 hobgoblins
  7 jackals (D:3)
  4 quokkas
  3 ball pythons
  4 frilled lizards
  6 kobolds
  An orc zombie (D:8)
  A rat (D:1)
174 creatures vanquished.

Vanquished Creatures (collateral kills)
  3 yaks
  A black bear (D:7)
  An ice beast (D:7)
  A necrophage (D:6)
  A kobold brigand (D:8)
  A yak zombie (D:8)
  A jelly (D:7)
  2 orc priests
  A centaur skeleton (D:6)
  An orc wizard (D:8)
  A killer bee zombie (D:7)
  2 gnolls (D:7)
  8 orcs
  2 gnoll zombies
  A frilled lizard (D:1)
  A kobold (D:8)
  An orc zombie (D:8)
29 creatures vanquished.

Vanquished Creatures (others)
  A yak zombie (D:9)
  A spectral ice beast (D:8)
  A bullfrog zombie (D:7)
  3 gnoll zombies
  9 orc zombies
  10 plants
25 creatures vanquished.

Grand Total: 228 creatures vanquished

Notes
Turn   | Place    | Note
-------+----------+-------------------------------------------
     0 | D:1      | lonewolfV2 the Troll Fighter began the quest for the Orb.
     0 | D:1      | Reached XP level 1. HP: 22/22 MP: 0/0
   164 | D:1      | Reached XP level 2. HP: 29/29 MP: 1/1
   751 | D:2      | Found a sparkling altar of Nemelex Xobeh.
  1079 | D:2      | Found Xuukofisu's Assorted Antiques.
  1104 | D:2      | Reached XP level 3. HP: 36/36 MP: 2/2
  1462 | D:3      | Noticed a scorpion
  1471 | D:3      | Killed a scorpion
  1472 | D:3      | Reached XP level 4. HP: 36/45 MP: 3/3
  1565 | D:3      | Reached XP level 5. HP: 43/53 MP: 4/4
  1633 | D:3      | Noticed a black bear
  1642 | D:3      | Killed a black bear
  1884 | D:3      | Reached XP level 6. HP: 57/61 MP: 5/5
  2198 | D:4      | Found a sacrificial altar of Ru.
  2264 | D:4      | Noticed Ijyb
  2290 | D:4      | Killed Ijyb
  2736 | D:4      | Found a glowing silver altar of Zin.
  2775 | D:4      | Found an iron altar of Okawaru.
  2973 | D:4      | Reached skill level 1 in Maces & Flails
  3122 | D:4      | Reached XP level 7. HP: 67/67 MP: 6/6
  3222 | D:5      | Entered Level 5 of the Dungeon
  3234 | D:5      | Reached skill level 2 in Maces & Flails
  3280 | D:5      | Found a radiant altar of Vehumet.
  3296 | D:5      | Reached skill level 3 in Maces & Flails
  3340 | D:5      | Noticed Dowan
  3341 | D:5      | Noticed Duvessa
  3347 | D:5      | Killed Duvessa
  3355 | D:5      | Killed Dowan
  3439 | D:5      | Reached XP level 8. HP: 14/78 MP: 7/7
  3457 | D:5      | Reached skill level 4 in Maces & Flails
  3712 | D:5      | Found an ornate altar of the Wu Jian Council.
  3794 | D:5      | Noticed Eustachio
  3821 | D:5      | Noticed Blork the orc
  3825 | D:5      | Killed Eustachio
  3826 | D:5      | Reached skill level 5 in Shields
  3829 | D:5      | Killed Blork the orc
  4138 | D:5      | Found a staircase to the Ecumenical Temple.
  4147 | Temple   | Entered the Ecumenical Temple
  4394 | D:6      | Found a basalt altar of Yredelemnul.
  4406 | D:6      | Became a worshipper of Yredelemnul the Dark
  4464 | D:6      | Noticed Grinder
  4470 | D:6      | Paralysed by Grinder for 6 turns
  4481 | D:6      | Paralysed by Grinder for 5 turns
  4486 | D:6      | Killed Grinder
  4487 | D:6      | Reached skill level 5 in Dodging
  4529 | D:6      | Reached * piety under Yredelemnul
  4590 | D:6      | Reached skill level 5 in Maces & Flails
  4590 | D:6      | Reached skill level 1 in Stealth
  4604 | D:6      | Reached XP level 9. HP: 84/85 MP: 6/8
  4767 | D:6      | Found Soathruc's Antique Weapon Shoppe.
  4824 | D:6      | Reached ** piety under Yredelemnul
  5024 | D:6      | Reached *** piety under Yredelemnul
  5069 | D:6      | Found Jecuqis's Antique Armour Shop.
  5563 | D:7      | Noticed Maggie
  5576 | D:7      | Killed Maggie
  5742 | D:7      | Reached skill level 6 in Maces & Flails
  6829 | D:7      | Reached skill level 5 in Fighting
  7026 | D:8      | Found Xah Dill's Evil Emporium.
  7064 | D:8      | Found Wuasa's Antique Weapon Shop.
  7069 | D:8      | Reached XP level 10. HP: 85/86 MP: 9/9
  7196 | D:8      | Found Nohiawk's Magic Scroll Boutique.
  7275 | D:8      | Reached skill level 7 in Maces & Flails
  7367 | D:8      | Found Defuivi's Assorted Antiques.
  7413 | D:8      | Found Keekk's General Store.
  7536 | D:8      | Found Puplacw's Assorted Antiques.
  8057 | D:9      | Noticed Pikel
  8084 | D:9      | Shot with an arrow by a centaur

Illustrated notes

Levels and vault maps discovered:
D:1:      minmay_arrival_jagged, layout_basic
D:2:      layout_loops_ring, basic_altar, serial_shops, nicolae_shop_waterfront,
          minmay_misc_feat_roman
D:3:      cheibrodos_old_hovel, layout_loops_cross, minivault_11
D:4:      layout_gridville, mainiacjoe_overflow_cross_hatched,
          nicolae_ru_great_annihilating_truth, mainiacjoe_overflow_catwalk,
          uniq_ijyb
D:5:      layout_basic, minmay_temple_entry_poolview, hangedman_feature_mirror,
          uniq_blork_the_orc, uniq_duvessa, uniq_eustachio
D:6:      layout_gridville, yredelemnul_altar_generic, serial_shops, shop,
          nicolae_inconvenience_store, amcnicky_mini_corridor_feature,
          st_stairs_8, minmay_crystal_room, eino_tiny_chamber, uniq_grinder
D:7:      layout_gridville, uniq_maggie
D:8:      layout_cave_pools, serial_shops,
          nicolae_shop_temple_entry_statues_fountains, kennysheep_mini,
          nicolae_shop_trees, nicolae_shop_overgrown_old_shop,
          kennysheep_little_box, nicolae_evil_shop
D:9:      layout_irregular_city, lair_entry_dummy, uniq_pikel
Temple:   compressed_dpeg_circular_temple

Skill      XL: |  1  2  3  4  5  6  7  8  9 10 |
---------------+-------------------------------+-----
Fighting       | 3 4 5 |  5.6
Dodging        | 3 4 5 6 |  6.5
Shields        | 3 4 5 6 |  6.9
Unarmed Combat | 3 4 |  4.1
Maces & Flails | 1 3 5 6 7 |  7.5
Stealth        | 1 2 |  2.1
Invocations    | |  0.8

Action                   |  1- 3 |  4- 6 |  7- 9 | 10-12 || total
-------------------------+-------+-------+-------+-------++-------
Melee: Unarmed           |   108 |   109 |       |       ||   217
       Flail             |       |    59 |   305 |    92 ||   456
Invok: Recall Undead Har |       |       |     9 |     2 ||    11
  Use: Scroll            |     8 |       |    11 |     3 ||    22
       Potion            |     1 |       |     5 |     4 ||    10
 Stab: Paralysed         |       |     1 |       |       ||     1
       Distracted        |       |       |     1 |     1 ||     2
       Sleeping          |       |       |     1 |       ||     1
Armor: Robe              |    97 |    64 |   185 |    52 ||   398
Dodge: Dodged            |    82 |    65 |   231 |    99 ||   477
Block: Kite shield       |    69 |    60 |   243 |   107 ||   479
